 Dungeon Crawl Stone Soup version 0.22-a0-351-g29664b4 (webtiles) character file.

67 kidcy the Firebug (level 4, 0/24 HPs)
             Began as a Deep Elf Fire Elementalist on Apr 12, 2018.
             Succumbed to a goblin's poison
             ... on level 2 of the Dungeon.
             The game lasted 00:03:10 (1840 turns).

kidcy the Firebug (Deep Elf Fire Elementalist)      Turns: 1840, Time: 00:03:11

Health: 0/24       AC:  2    Str:  5    XL:     4   Next: 0%
Magic:  2/11       EV: 13    Int: 21    God:
Gold:   75         SH:  0    Dex: 15    Spells: 7/10 levels left

rFire    . . .     SeeInvis .   k - +1 dagger (drain)
rCold    . . .     Gourm    .   (no shield)
rNeg     . . .     Faith    .   a - +0 robe
rPois    .         Spirit   .   (no helmet)
rElec    .         Reflect  .   (no cloak)
rCorr    .         Harm     .   (no gloves)
MR       .....                  (no boots)
Stlth    ++........             (no amulet)
HPRegen  0.08/turn              (no ring)
MPRegen  0.12/turn              (no ring)

@: lethally poisoned (0 -> -25), about to teleport, flying, very slightly
contaminated, invisible
A: no striking features
a: no special abilities


You were on level 2 of the Dungeon.
You were not hungry.

You visited 1 branch of the dungeon, and saw 2 of its levels.

You collected 75 gold pieces.

Inventory:

Hand Weapons
 k - a +1 dagger of draining (weapon)
Armour
 a - a +0 robe (worn)
Scrolls
 h - a scroll of immolation {unknown}
 i - a scroll of fog {unknown}
Potions
 g - 2 potions of flight
Comestibles
 c - 2 rations


   Skills:
 - Level 2.4 Dodging
 - Level 2.4 Stealth
 + Level 3.8 Spellcasting
 * Level 3.1 Conjurations
 + Level 3.9 Fire Magic


You had 7 spell levels left.
You knew the following spells:

 Your Spells              Type           Power        Failure   Level  Hunger
a - Flame Tongue          Conj/Fire      ###..        2%          1    None
b - Throw Flame           Conj/Fire      ###...       4%          2    #......


Dungeon Overview and Level Annotations

Branches:
Dungeon (2/15)

Altars:


Message History

You have reached level 4!
You feel clever.
* * * LOW HITPOINT WARNING * * *
You feel sick.
There is a lethal amount of poison in your body!
It was a potion of flight.
You feel very buoyant.
You fly up into the air.
* * * LOW HITPOINT WARNING * * *
You feel sick.
It was a potion of invisibility.
You fade into invisibility!
* * * LOW HITPOINT WARNING * * *
You feel sick.
You are very lightly contaminated with residual magic.
You aren't carrying any pieces of jewellery.
Okay, then.
As you read the scroll labeled ITWELAU BUASA, it crumbles to dust.
You feel strangely unstable.
It was a scroll of teleportation.
You die...

#...†.)..........()g..#
#
#.#........#...#......#
#......##....#........#
##..##.##.##.#S##.....+
#...........#g.......#
#.##...†.##.##.##+####
#............#.......#
####.)######)#..#.##.#
#<......#@#..# #
#÷#####.#)#..# #..
#.#..# #### #.#..#
#.#... #.# ..# ... ###


There were no monsters in sight!

Vanquished Creatures
  Robin (D:2)
  2 adders (D:2)
  3 giant cockroaches
  12 goblins
  3 hobgoblins
  3 kobolds
  2 ball pythons (D:1)
  5 bats
  A frilled lizard (D:1)
  4 rats
36 creatures vanquished.

Notes
Turn   | Place    | Note
-------+----------+-------------------------------------------
     0 | D:1      | kidcy the Deep Elf Fire Elementalist began the quest for the Orb.
     0 | D:1      | Reached XP level 1. HP: 10/10 MP: 6/6
   251 | D:1      | Reached XP level 2. HP: 15/15 MP: 4/8
   876 | D:1      | Learned a level 2 spell: Throw Flame
  1532 | D:2      | Reached XP level 3. HP: 17/19 MP: 7/10
  1739 | D:2      | Noticed Robin
  1836 | D:2      | Killed Robin
  1837 | D:2      | Reached XP level 4. HP: 8/24 MP: 1/11
  1840 | D:2      | Succumbed to a goblin's poison

Vault maps used:
D:1:      dpeg_arrival_tiny_a
D:2:      uniq_robin

Skill      XL: |  1  2  3 |
---------------+----------+-----
Conjurations   | 2 3 |  3.1
Dodging        | |  2.4
Stealth        | |  2.4
Spellcasting   | |  3.8
Fire Magic     | |  3.9

Action                   |  1- 3 |  4- 6 || total
-------------------------+-------+-------++-------
Melee: Unarmed           |     4 |       ||     4
       Dagger            |     7 |       ||     7
 Cast: Flame Tongue      |    51 |     1 ||    52
  Use: Potion            |     5 |     2 ||     7
       Scroll            |       |     1 ||     1
  Eat: Ration            |     1 |       ||     1
Armor: Robe              |    10 |       ||    10
Dodge: Dodged            |    37 |       ||    37

Table legend:
 A = Spawn XP
 B = Non-spawn XP
 C = Spawn XP percentage of total XP
 D = Spawn monster count
 E = Non-spawn monster count
 F = Spawn count percentage of total count
 G = Total turns spent on level
                    A         B        C        D         E        F      G
               +---------+---------+-------+---------+---------+-------+---------
         Total |       0 |      97 |   0.0 |       0 |      36 |   0.0 |  1840
               +---------+---------+-------+---------+---------+-------+---------
           D:1 |       0 |      32 |   0.0 |       0 |      20 |   0.0 |  1530
           D:2 |       0 |      65 |   0.0 |       0 |      16 |   0.0 |   310
               +---------+---------+-------+---------+---------+-------+---------
